 Dungeon Crawl Stone Soup version 0.17-b1-18-g553e9fc (webtiles) character file.

114764 Kloppie the Peltast (level 16, 0/165 HPs)
             Began as a Troll Berserker on Nov 4, 2015.
             Was the Champion of Trog.
             Slain by a ghost moth (10 damage)
             ... on level 4 of the Spider Nest.
             The game lasted 01:09:41 (24802 turns).

Kloppie the Peltast (Troll Berserker)              Turns: 24802, Time: 01:09:41

Health: 0/165      AC: 11    Str: 27 (29) XL:     16   Next: 17%
Magic:  0/15       EV: 14    Int:  3      God:    Trog [******]
Gold:   1977       SH: 21    Dex: 12 (14) Spells: 0 memorised, 15 levels left

rFire  + . .     SeeInvis .       - Unarmed
rCold  . . .     Clarity  .     g - +0 troll leather armour
rNeg   . . .     SustAt   .     j - +0 large shield {rPois}
rPois  +         Gourm    +     (helmet restricted)
rElec  .         Spirit   .     l - +2 cloak
rCorr  .         Warding  .     (gloves unavailable)
rMut   .         Stasis   .     (boots unavailable)
MR     +++..                    G - amulet of faith
Stlth  +.........               I - ring of protection from fire
                                i - +3 ring of slaying

@: regenerating, extremely resistant to hostile enchantments, very unstealthy
A: unfitting armour, claws 3, horns 1, fast metabolism 3, gourmand, regeneration
2, shaggy fur 1, tough skin 2
a: Berserk, Trog's Hand, Brothers in Arms, Burn Spellbooks, Renounce Religion


You were on level 4 of the Spider Nest.
You worshipped Trog.
Trog was exalted by your worship.
You were not hungry.

You visited 4 branches of the dungeon, and saw 26 of its levels.
You also visited: Ice Cave.

You collected 2450 gold pieces.
You spent 473 gold pieces at shops.

Inventory:

Missiles
 H - 6 javelins of returning (quivered)
Armour
 a - the cursed +0 robe of Twilight {Slay+3}
   (You found it on level 2 of the Spider Nest)

   It affects your accuracy and damage with ranged weapons and melee attacks
   (+3).
   It has a curse placed upon it.
 g - a +0 troll leather armour (worn)
 j - a +0 large shield of poison resistance (worn)
 l - a +2 cloak (worn)
 E - a +2 robe of cold resistance
 O - a +2 robe of magic resistance
Jewellery
 i - a +3 ring of slaying (left claw)
 v - an uncursed ring of flight
 w - a cursed ring of teleportation
 y - an uncursed ring of ice {unknown}
 D - an uncursed ring of stealth
 G - an amulet of faith (around neck)
 I - a ring of protection from fire (right claw)
Wands
 r - a wand of paralysis (12)
 C - a wand of magic darts (22)
 F - a wand of heal wounds (1)
 K - a wand of slowing (18)
 M - a wand of digging (15)
Scrolls
 f - 8 scrolls of remove curse
 h - 4 scrolls of fog
 m - 2 scrolls of identify
 o - 4 scrolls of fear
 B - 6 scrolls of teleportation
 N - 2 scrolls of magic mapping
 W - a scroll of recharging
Potions
 c - a potion of flight
 d - 6 potions of curing
 e - 2 potions of might
 p - 2 potions of cancellation
 q - 2 potions of resistance
 x - 4 potions of agility
 A - a potion of haste
 J - 2 potions of invisibility
 V - 2 potions of brilliance
Miscellaneous
 n - a disc of storms
Comestibles
 b - 16 bread rations
 k - 33 fruits
 s - 2 slices of pizza
 t - 9 meat rations
 u - a royal jelly
 z - a beef jerky


   Skills:
 + Level 11.7 Fighting
 * Level 7.0 Armour
 - Level 10.7 Dodging
 - Level 15.0 Shields
 - Level 12.2 Unarmed Combat


You had 15 spell levels left.
You didn't know any spells.

Dungeon Overview and Level Annotations

Branches:
Dungeon (10/15)            Temple (0/1) D:7            Lair (8/8) D:10
 Shoals (0/4) Lair:4       Spider (4/4) Lair:3        Slime (0/6) Lair:8
    Orc (4/4) D:10            Elf (0/3) Orc:3

Altars:
Dithmenos
Elyvilon
Fedhas
Kikubaaqudgha
Makhleb
Nemelex Xobeh
Okawaru
Trog
Vehumet
Xom
Zin
Beogh
Jiyva

Shops:
D:10 [?   Orc:4 *[(=

Annotations:
D:4 exclusion: statue


Innate Abilities, Weirdness & Mutations

You are too large for most types of armour.
You have claws for hands.
Your metabolism is lightning-fast.
You like to eat raw meat.
You heal very quickly.
You are covered in fur (AC +1).
You have very tough skin (AC +2).
You have a pair of small horns on your head.


Message History

Something hits you!
* * * LOW HITPOINT WARNING * * *
You feel clumsy. Something stings you.
* * * LOW HITPOINT WARNING * * *
Your skin crawls.
You feel resistant to hostile enchantments.
You feel slightly more hungry.
You feel yourself speed up.
You feel you are being watched by something.
You feel your power leaking away. Something hits you!
* * * LOW HITPOINT WARNING * * *
You feel weakened. Something hits you.
* * * LOW HITPOINT WARNING * * *
You feel weakened.
Something stings you but does no damage.
Something hits you!
You die...

####..## #.#...# #..##.
#...### .. .. ##....# ....
###..### # ## #.#.
####..#..#^# .^###^
#...###.#..###...# ......
....##...##.#...# #. ...
#†^#^.@#^#.^...#
^.###.######.##.^.....#..#
.#..##.....##...###..#..##
^..^..##.....s.##.######)#
..##..#..s#..#....#.##.#^#
.....##...#...........^..#
##...#.#.##.#####..###...#
..##......#.#)#.....#..#.#
...#.....##....#.##...##.#


You could see an emperor scorpion.

Vanquished Creatures
  Maud (Orc:2)
  An orc warlord (Orc:3)
  A ghost moth (Spider:1)
  An emperor scorpion (Spider:2)
  A dire elephant (Lair:8)
  Josephine (Lair:4)
  A catoblepas (Lair:6)
  2 hydras
  15 death yaks
  The ghost of Gargoyl the Protected, a novice DsAK of Lugonu (Orc:2)
  An orc high priest (Orc:4)
  Urug (Lair:3)
  An ice devil (IceCv)
  A fire crab (Lair:6)
  A necromancer (Lair:4)
  11 orb spiders
  3 orc knights
  2 hill giants (D:10)
  A griffon (Lair:8)
  16 wolf spiders
  2 orc sorcerers
  38 elephants
  4 black mambas
  A siren (Lair:4)
  Joseph (D:9)
  2 ice statues (IceCv)
  12 spiny frogs
  3 torpor snails
  5 demonic crawlers
  6 fire drakes
  7 komodo dragons
  22 jumping spiders
  2 trolls
  3 polar bears
  10 blue devils (IceCv)
  A merfolk (Lair:4)
  Grinder (D:4)
  2 boulder beetles
  Prince Ribbit (D:5)
  A trapdoor spider zombie (D:10)
  20 blink frogs
  7 trapdoor spiders
  35 redbacks
  17 tarantellas
  5 wraiths
  A deep elf mage (D:9)
  A wyvern (Lair:4)
  47 yaks
  13 hippogriffs
  4 basilisks
  5 wolves (Lair:8)
  Edmund (D:4)
  8 wargs
  12 porcupines
  Duvessa (D:4)
  24 water moccasins
  6 sky beasts
  2 ice beasts
  3 phantoms
  A necrophage (D:9)
  18 spiders
  An elephant zombie (Lair:4)
  13 ogres
  3 wasps
  3 centaurs
  2 black bears (Lair:8)
  22 orc warriors
  2 eyes of draining (D:8)
  3 big kobolds
  13 giant frogs
  A brain worm (Lair:5)
  18 crocodiles
  A gnoll sergeant (D:6)
  Dowan (D:4)
  A wyvern skeleton (D:10)
  8 killer bees (D:9)
  A water moccasin skeleton (D:6)
  3 scorpions
  3 wights (D:8)
  4 electric eels
  4 iguanas
  4 crimson imps
  33 orc wizards
  Crazy Yiuf (D:2)
  3 basilisk zombies (Lair:4)
  6 hounds
  4 jellies
  34 orc priests
  Terence (D:2)
  7 worker ants
  29 sheep
  A hound zombie (D:6)
  Robin (D:4)
  56 river rats
  A worker ant zombie (D:10)
  14 adders
  8 gnolls
  A shadow imp (D:5)
  7 white imps (IceCv)
  8 ufetubi (IceCv)
  3 oozes
  An adder skeleton (D:9)
  2 adder zombies
  2 worms
  151 orcs
  13 bats
  5 giant cockroaches
  17 goblins
  8 hobgoblins
  4 jackals
  3 quokkas
  3 ball pythons
  A giant gecko (D:7)
  A giant gecko skeleton (D:5)
  3 giant newts
  14 kobolds
  A quokka skeleton (D:5)
  6 rats
  A butterfly (Lair:8)
  2 fungi
  A plant (Lair:4)
986 creatures vanquished.

Vanquished Creatures (collateral kills)
  Louise (Spider:1)
  Nessos (Lair:7)
  A catoblepas (Lair:8)
  A deep troll shaman (Lair:8)
  A death yak (Lair:8)
  Nergalle (Orc:3)
  2 wolf spiders (Spider:4)
  Maurice (Orc:4)
  2 demonic crawlers (Spider:4)
  A jumping spider (Spider:4)
  A tarantella (Spider:4)
  2 orc warriors (Orc:4)
  A killer bee (D:9)
  6 orcs (Orc:4)
22 creatures vanquished.

Vanquished Creatures (others)
  A white imp (IceCv)
  An ufetubus (IceCv)
  2 orcs (Orc:1)
  35 fungi
  11 plants
50 creatures vanquished.

Grand Total: 1058 creatures vanquished

Notes
Turn   | Place    | Note
--------------------------------------------------------------
     0 | D:1      | Kloppie the Troll Berserker began the quest for the Orb.
     0 | D:1      | Reached XP level 1. HP: 22/22 MP: 0/0
    91 | D:1      | Reached XP level 2. HP: 29/29 MP: 1/1
   405 | D:1      | Reached ** piety under Trog
   590 | D:2      | Reached XP level 3. HP: 26/36 MP: 2/2
   749 | D:2      | Found an iron altar of Okawaru.
   766 | D:2      | Reached XP level 4. HP: 41/45 MP: 3/3
   806 | D:2      | Noticed Terence
   819 | D:2      | Killed Terence
  1008 | D:2      | Noticed Crazy Yiuf
  1013 | D:2      | Killed Crazy Yiuf
  1013 | D:2      | Reached skill level 4 in Unarmed Combat
  1334 | D:3      | Reached XP level 5. HP: 50/53 MP: 4/4
  1539 | D:3      | Reached *** piety under Trog
  2082 | D:4      | Noticed Grinder
  2092 | D:4      | Killed Grinder
  2092 | D:4      | Reached XP level 6. HP: 45/62 MP: 5/5
  2138 | D:4      | Noticed Edmund
  2148 | D:4      | Killed Edmund
  2148 | D:4      | Reached skill level 5 in Unarmed Combat
  2391 | D:4      | Reached XP level 7. HP: 69/71 MP: 6/6
  2393 | D:4      | Noticed Robin
  2407 | D:4      | Killed Robin
  2528 | D:4      | Found a burning altar of Makhleb.
  2529 | D:4      | Found a shimmering altar of Xom.
  2539 | D:4      | Noticed Duvessa
  2541 | D:4      | Noticed Dowan
  2608 | D:4      | Killed Duvessa
  2617 | D:4      | Killed Dowan
  2663 | D:4      | Found a radiant altar of Vehumet.
  2904 | D:4      | Found a glowing silver altar of Zin.
  2967 | D:5      | Entered Level 5 of the Dungeon
  2981 | D:5      | Received a gift from Trog
  3072 | D:5      | Reached skill level 5 in Fighting
  3072 | D:5      | Reached skill level 5 in Dodging
  3158 | D:5      | Reached skill level 6 in Unarmed Combat
  3158 | D:5      | Reached XP level 8. HP: 71/80 MP: 7/7
  3322 | D:5      | Found a burning altar of Makhleb.
  3457 | D:5      | Noticed Prince Ribbit
  3473 | D:5      | Killed Prince Ribbit
  3747 | D:6      | Reached **** piety under Trog
  3839 | D:6      | Reached skill level 7 in Unarmed Combat
  3869 | D:6      | Found an ancient bone altar of Kikubaaqudgha.
  4480 | D:7      | Found a flagged portal.
  4568 | D:7      | Reached XP level 9. HP: 77/89 MP: 8/8
  4633 | D:7      | Found a shadowy altar of Dithmenos.
  4764 | D:7      | Found a white marble altar of Elyvilon.
  4959 | D:7      | Found a burning altar of Makhleb.
  5072 | D:7      | Found a staircase to the Ecumenical Temple.
  5389 | D:8      | Found a bloodstained altar of Trog.
  5428 | D:8      | Reached skill level 8 in Unarmed Combat
  6072 | D:8      | Found a blossoming altar of Fedhas.
  6275 | D:9      | Noticed Joseph
  6286 | D:9      | Killed Joseph
  6316 | D:9      | Reached XP level 10. HP: 74/102 MP: 9/9
  6322 | D:9      | Reached skill level 9 in Unarmed Combat
  6375 | D:9      | Reached ***** piety under Trog
  6532 | D:9      | Found a sparkling altar of Nemelex Xobeh.
  6865 | D:9      | Gained mutation: You have a pair of small horns on your head. [potion of beneficial mutation]
  7210 | D:9      | Found a blossoming altar of Fedhas.
  7465 | D:10     | Entered Level 10 of the Dungeon
  7473 | D:10     | Identified a scroll of acquirement
  7481 | D:10     | Found Gootakk's Antique Armour Shop.
  7489 | D:10     | Bought a runed robe for 16 gold pieces
  7489 | D:10     | Bought an embroidered robe for 16 gold pieces
  7489 | D:10     | Bought an embroidered robe for 16 gold pieces
  7547 | D:10     | Found a staircase to the Orcish Mines.
  7556 | D:10     | Reached skill level 1 in Shields
  7560 | D:10     | Received a gift from Trog
  7633 | D:10     | Reached XP level 11. HP: 82/113 MP: 10/10
  7710 | D:10     | Found a staircase to the Lair.
  7710 | D:10     | Noticed an elephant
  7724 | D:10     | Killed an elephant
  7783 | D:10     | Noticed a hill giant
  7795 | D:10     | Killed a hill giant
  7979 | D:10     | Received a gift from Trog
  7984 | D:10     | Reached skill level 5 in Shields
  8015 | D:10     | Noticed a hill giant
  8021 | D:10     | Killed a hill giant
  8027 | D:10     | Found Iqigen's Magic Scroll Boutique.
  8030 | D:10     | Bought a scroll of teleportation for 39 gold pieces
  8030 | D:10     | Bought a scroll of identify for 26 gold pieces
  8030 | D:10     | Bought a scroll of identify for 26 gold pieces
  8030 | D:10     | Bought a scroll of teleportation for 39 gold pieces
  8030 | D:10     | Bought a scroll of identify for 26 gold pieces
  8420 | Lair:1   | Entered Level 1 of the Lair of Beasts
  9383 | Lair:2   | Received a gift from Trog
  9944 | Lair:2   | Reached XP level 12. HP: 122/122 MP: 11/11
 10436 | Lair:3   | Found a hole to the Spider Nest.
 10654 | Lair:3   | Noticed Urug
 10674 | Lair:3   | Killed Urug
 11043 | Lair:4   | Reached skill level 10 in Shields
 11342 | Lair:4   | Noticed Josephine
 11355 | Lair:4   | Killed Josephine
 11361 | Lair:4   | Reached skill level 11 in Shields
 11418 | Lair:4   | Reached ****** piety under Trog
 11432 | Lair:4   | Received a gift from Trog
 11670 | Lair:4   | Found a staircase to the Shoals.
 12153 | Lair:4   | Reached skill level 12 in Shields
 13308 | Lair:6   | Reached XP level 13. HP: 68/128 MP: 12/12
 13440 | Lair:6   | Reached skill level 13 in Shields
 13580 | Lair:6   | Noticed a catoblepas
 13581 | Lair:6   | Noticed a five-headed hydra
 13606 | Lair:6   | Received a gift from Trog
 13698 | Lair:6   | Killed a nine-headed hydra
 13914 | Lair:6   | Killed a catoblepas
 14124 | Lair:6   | Reached skill level 14 in Shields
 14625 | Lair:7   | Noticed Nessos
 14632 | Lair:7   | Killed Nessos
 14670 | Lair:7   | Found a sparkling altar of Nemelex Xobeh.
 14717 | Lair:7   | Received a gift from Trog
 14886 | Lair:7   | Reached XP level 14. HP: 116/137 MP: 13/13
 15130 | Lair:7   | Reached skill level 15 in Shields
 15134 | Lair:7   | Reached skill level 10 in Unarmed Combat
 15708 | Lair:7   | Received a gift from Trog
 16058 | Orc:1    | Entered Level 1 of the Orcish Mines
 16242 | Orc:1    | Found a roughly hewn altar of Beogh.
 16436 | Orc:2    | Noticed Maud
 16457 | Orc:2    | Killed Maud
 16578 | Orc:3    | Found a staircase to the Elven Halls.
 16717 | Orc:2    | Received a gift from Trog
 17416 | Orc:2    | Noticed Gargoyl's ghost (novice DsAK)
 17441 | Orc:2    | Killed Gargoyl's ghost
 17601 | Orc:2    | Found a roughly hewn altar of Beogh.
 17719 | Orc:3    | Received a gift from Trog
 18117 | Orc:4    | Entered Level 4 of the Orcish Mines
 18176 | Orc:4    | Received a gift from Trog
 18219 | Orc:4    | Found a roughly hewn altar of Beogh.
 18260 | Orc:4    | Found a frozen archway.
 18264 | Orc:4    | Noticed Maurice
 18283 | Orc:4    | Killed Maurice
 18325 | IceCv    | Entered an ice cave
 18616 | IceCv    | HP: 4/140 [something (14)]
 18956 | Orc:4    | Received a gift from Trog
 19139 | Orc:4    | Noticed Nergalle
 19246 | Orc:3    | Killed Nergalle
 19255 | Orc:4    | Noticed an orc warlord
 19287 | Orc:3    | Killed an orc warlord
 19441 | Orc:4    | Found a roughly hewn altar of Beogh.
 19497 | Orc:4    | Found Tiocor's Jewellery Emporium.
 19513 | Orc:4    | Found Lusewion's Antique Weapon Emporium.
 19533 | Orc:4    | Found Zyuromo's General Store.
 19541 | Orc:4    | Bought a cursed ring of teleportation for 217 gold pieces
 19550 | Orc:4    | Found Fiwk's Antique Armour Emporium.
 19557 | Orc:4    | Bought a runed robe for 26 gold pieces
 19557 | Orc:4    | Bought an embroidered robe for 26 gold pieces
 20112 | Lair:8   | Entered Level 8 of the Lair of Beasts
 20191 | Lair:8   | Reached skill level 10 in Fighting
 20338 | Lair:8   | Received a gift from Trog
 20479 | Lair:8   | Reached skill level 10 in Dodging
 20557 | Lair:8   | Reached XP level 15. HP: 91/149 MP: 14/14
 20827 | Lair:8   | Received a gift from Trog
 21127 | Lair:8   | Found a staircase to the Slime Pits.
 21131 | Lair:8   | Found a viscous altar of Jiyva.
 21718 | Spider:1 | Entered Level 1 of the Spider Nest
 21987 | Spider:2 | Received a gift from Trog
 21990 | Spider:2 | Reached skill level 1 in Armour
 21994 | Spider:2 | Got a slimy robe
 21998 | Spider:2 | Identified the cursed +0 robe of Twilight {Slay+3} (You found it on level 2 of the Spider Nest)
 23280 | Spider:1 | Received a gift from Trog
 23296 | Spider:1 | Noticed Louise
 23308 | Spider:1 | Killed Louise
 23473 | Spider:1 | Reached skill level 5 in Armour
 24177 | Spider:4 | Entered Level 4 of the Spider Nest
 24227 | Spider:4 | Received a gift from Trog
 24269 | Spider:4 | Reached XP level 16. HP: 163/163 MP: 15/15
 24402 | Spider:4 | HP: 8/163 [demonic crawler (11)]
 24802 | Spider:4 | Slain by a ghost moth

Action                   |  1- 3 |  4- 6 |  7- 9 | 10-12 | 13-15 | 16-18 || total
-------------------------+-------+-------+-------+-------+-------+-------++-------
Melee: Unarmed           |    80 |    99 |   310 |   743 |  1858 |   124 ||  3214
Invok: Berserk           |       |     1 |     1 |     3 |    10 |       ||    15
       Trog's Hand       |       |     1 |     1 |     8 |    19 |     4 ||    33
       Brothers in Arms  |       |       |       |     1 |     7 |     1 ||     9
Evoke: Wand              |       |       |       |       |       |     2 ||     2
  Use: Scroll            |       |       |    17 |    14 |     6 |     3 ||    40
       Potion            |       |       |       |     2 |     2 |     1 ||     5
 Stab: Sleeping          |       |     1 |     1 |     7 |     1 |       ||    10
       Distracted        |       |       |       |     2 |     1 |       ||     3
  Eat: Chunk             |    13 |     9 |    34 |    72 |   104 |     7 ||   239
       Beef jerky        |       |       |     1 |       |     5 |     1 ||     7
       Fruit             |       |       |     1 |       |       |       ||     1
       Pizza             |       |       |       |       |     2 |       ||     2
